 Dungeon Sprint DCSS version 0.29.1-15-g9cfb28693d (webtiles) character file.

Game seed: 5662091615673474961

44795 Groucho the Warrior (level 14, -59/102 HPs)
             Began as a Gargoyle Gladiator on May 3, 2023.
             Was the Champion of Cheibriados.
             Blown up by a lich (98 damage)
             ... with an orb of destruction
             ... in the Dungeon (Sprint VII: "The Pits").
             The game lasted 00:21:59 (6410 turns).

Groucho the Warrior (Gargoyle Gladiator)            Turns: 6410, Time: 00:22:00

Health: -59/102    AC: 41    Str: 37    XL:     14   Next: 30%
Magic:  21/26      EV: 23    Int: 24    God:    Cheibriados [******]
Gold:   30         SH:  0    Dex: 30    Spells: 13/13 levels left

rFire   + . .      SeeInvis .   p - +3 demon whip (vamp)
rCold   + . .      Faith    .   (no shield)
rNeg    + . .      Spirit   .   B - +2 gold dragon scales rPois āˆž Reflect .
                                A - +1 helmet
rElec   +          Harm     .   t - +0 cloak
rCorr   .          Rampage  .   C - +1 pair of gloves
Will    +....      NoTele   +   (no boots)
Stlth   ..........              (no amulet)
HPRegen 0.27/turn               b - +3 ring of evasion
MPRegen 0.20/turn               q - +3 ring of strength

@: flying, very slow
A: sickness immunity, AC +10, big wings, negative energy resistance 1,
electricity resistance, torment resistance 1, petrification resistance
a: Renounce Religion, Bend Time, Temporal Distortion, Slouch, Step From Time


You were in the Dungeon.
You worshipped Cheibriados.
Cheibriados was exalted by your worship.
You visited 1 branch You collected 30 gold pieces.

Inventory:

Hand Weapons
 c - a +4 great mace of protection
 p - a +3 vampiric demon whip (weapon)
 F - a +5 dire flail
Missiles
 d - 2 throwing nets
 e - 7 javelins (quivered)
Armour
 t - a +0 cloak (worn)
 A - a +1 helmet (worn)
 B - +2 gold dragon scales (worn)
 C - a +1 pair of gloves (worn)
 G - a +1 tower shield of positive energy
Jewellery
 b - a +3 ring of evasion (left hand)
 m - a ring of willpower
 q - a +3 ring of strength (right hand)
 s - a ring of magical power
Scrolls
 k - a scroll of blinking
 n - 5 scrolls of amnesia
 o - a scroll of summoning
 v - 6 scrolls of enchant armour
 w - a scroll of identify
 x - 3 scrolls of fog
 y - a scroll of fear
Potions
 a - a potion of invisibility
 f - 9 potions of curing
 g - 4 potions of heal wounds
 h - a potion of haste
 i - 2 potions of magic
 j - 3 potions of berserk rage
 l - 3 potions of brilliance
 r - 3 potions of might
 u - a potion of ambrosia


   Skills:
 + Level 17.4 Fighting
 + Level 16.3 Maces & Flails
 + Level 15.1 Throwing
 + Level 17.3 Armour
 + Level 14.0 Dodging
 + Level 7.1 Shields
 + Level 17.3 Invocations


You had 13 spell levels left.
You didn't know any spells.
Your spell library contained the following spells:

 Spells                   Type           Power      Damage    Failure   Level
 Gell's Gravitas          Tloc           0%         N/A       98%         3
 Teleport Other           Tloc           0%         N/A       98%         3
 Blade Hands              Tmut           0%         N/A       100%        5
 Irradiate                Conj/Tmut      0%         3d11      100%        5
 Dispersal                Tloc           0%         N/A       100%        6
 Dragon Form              Tmut           0%         N/A       100%        7


Dungeon Overview and Level Annotations

Branches:
Dungeon (1/1)

Altars:
Ashenzari
Cheibriados
Dithmenos
Elyvilon
Fedhas
Gozag
Hepliaklqana
Kikubaaqudgha
Makhleb
Nemelex Xobeh
Okawaru
Qazlal
Ru
Sif Muna
Trog
Uskayaw
Vehumet
Wu Jian
Xom
Yredelemnul
Zin
The Shining One
Jiyva
Lugonu


Innate Abilities, Weirdness & Mutations

You are immune to sickness and miasma.
Your stone body is resilient. (AC +10)
You are immune to poison.
Your large and strong wings let you fly.
You resist negative energy. (rN+)
You are resistant to electric shocks. (rElec)
You are resistant to unholy torment.
You are immune to petrification.


Message History

There is a huge open gate to the Coven (Very Hard), spattered with blood here.
A nagaraja comes into view. It is wielding a +0 whip.
The nagaraja shouts!
You hear a shout!
There is a huge open gate to the Coven (Very Hard) here.
A purple draconian shifter and a lich come into view.
The purple draconian shifter roars!
The lich shouts!
The lich conjures a glowing orb.
A red draconian scorcher comes into view.
It is wielding a +0 whip.
The lich mumbles some strange words.
The lich seems to speed up.
The nagaraja spits poison at you.
The splash of poison hits you but does no damage.
You resist.
An orb of destruction comes into view.
You see here a javelin.
Unknown command.
e - 7 javelins (gained 1)
The red draconian scorcher roars!
The purple draconian shifter breathes dispelling energy at you.
The bolt of dispelling energy hits you!
Unknown command.
Unknown command.
A vampire mage comes into view.
The orb of destruction hits you!!!!
Ouch! That really hurt!
* * * LOW HITPOINT WARNING * * *
The lich conjures a glowing orb.
An orb of destruction comes into view.
Unknown command.
Unknown command.
You feel much better. The nagaraja casts a spell at you.
The poison arrow hits you. You partially resist.
Unknown command.
Unknown command.
Activating: Slouch (0% risk of failure)
Press: ? - help, Dir - look around, f - activate You can feel time thicken for a moment.
The orb of destruction hits you!!!!
Ouch! That really hurt!
You die...

#.)###....####..#..#
....[).......'..#..#
....).....####..#..#
....####))#.....#..#
....#..#..#.[#.[#..#
#..##..'..#[.#[.#..#
#################''#
##''# #@..# #.ā—‹.##
#qNā—‹## .q.ā—‹##
..#..L .. ##.V . ...
....


You could see a purple draconian shifter (catching breath), a nagaraja, a red
draconian scorcher, a lich (fast) and a vampire mage.

Vanquished Creatures
  A deep elf blademaster (D)
  A nagaraja (D)
  A frost giant (D)
  A fire giant (D)
  A deep elf sorcerer (D)
  A draconian shifter (D)
  2 orc warlords (D)
  An angel (D)
  A draconian annihilator (D)
  A lorocyproca (D)
  A dire elephant (D)
  An eidolon (D)
  A merfolk javelineer (D)
  A mummy priest (D)
  A fire dragon (D)
  2 great orbs of eyes (D)
  A yaktaur captain (D)
  2 hydras (D)
  A boulder beetle (D)
  A death knight (D)
  4 naga warriors (D)
  A two-headed ogre (D)
  Urug (D)
  A death yak (D)
  2 sun demons (D)
  A spriggan (D)
  4 deep elf knights (D)
  Sonja (D)
  A sixfirhy (D)
  A shadow wraith (D)
  A deep troll (D)
  A swamp dragon (D)
  A flayed ghost (D)
  A wizard (D)
  A spriggan druid (D)
  3 lindwurms (D)
  9 orc knights (D)
  A deep elf pyromancer (D)
  A phantasmal warrior (D)
  2 ugly things (D)
  A manticore (D)
  A guardian serpent (D)
  An orange demon (D)
  2 smoke demons (D)
  2 cane toads (D)
  A hellwing (D)
  An ice devil (D)
  2 kobold demonologists (D)
  A yaktaur (D)
  A troll (D)
  A tyrant leech (D)
  A tarantella (D)
  A hornet (D)
  A wind drake (D)
  4 dream sheep (D)
  2 snapping turtles (D)
  2 shadows (D)
  3 fire elementals (D)
  3 yaks (D)
  Eustachio (D)
  A chaos spawn (D)
  2 floating eyes (D)
  A black bear (D)
  2 swamp drakes (D)
  A wolf (D)
  4 centaurs (D)
  A phantom (D)
  2 kobold brigands (D)
  3 scorpions (D)
  4 wights (D)
  8 killer bees (D)
  2 crimson imps (D)
  An orc priest (D)
  A jelly (D)
  An iguana (D)
  An orc wizard (D)
  A mummy (D)
  A river rat (D)
  3 adder skeletons (D)
  A worm (D)
  An orc (D)
  A ball python (D)
  A bat skeleton (D)
  A bat zombie (D)
  A giant cockroach (D)
  4 goblins (D)
  A hobgoblin (D)
  3 jackals (D)
  3 quokkas (D)
  A ball python skeleton (D)
  A ball python zombie (D)
  A frilled lizard (D)
  3 kobolds (D)
  A rat (D)
157 creatures vanquished.

Notes
Turn   | Place    | Note
-------+----------+-------------------------------------------
     0 | D        | Groucho the Gargoyle Gladiator began the quest for the Orb.
     0 | D        | Reached XP level 1. HP: 12/12 MP: 1/1
    43 | D        | Found a bloodstained altar of Trog.
    43 | D        | Found a shimmering blue altar of Sif Muna.
    43 | D        | Found a viscous altar of Jiyva.
    43 | D        | Found a hazy altar of Hepliaklqana.
    43 | D        | Found an opulent altar of Gozag.
    44 | D        | Found a glowing golden altar of the Shining One.
    44 | D        | Found a glowing silver altar of Zin.
    44 | D        | Found a basalt altar of Yredelemnul.
    44 | D        | Found a shimmering altar of Xom.
    44 | D        | Found an ornate altar of the Wu Jian Council.
    44 | D        | Found a sacrificial altar of Ru.
    44 | D        | Found a stormy altar of Qazlal.
    44 | D        | Found an iron altar of Okawaru.
    44 | D        | Found a sparkling altar of Nemelex Xobeh.
    44 | D        | Found a burning altar of Makhleb.
    44 | D        | Found a blossoming altar of Fedhas.
    44 | D        | Found a white marble altar of Elyvilon.
    44 | D        | Found a shadowy altar of Dithmenos.
    44 | D        | Found a snail-covered altar of Cheibriados.
    45 | D        | Found a radiant altar of Vehumet.
    45 | D        | Found a corrupted altar of Lugonu.
    46 | D        | Found an ancient bone altar of Kikubaaqudgha.
    46 | D        | Found a hide-covered altar of Uskayaw.
    46 | D        | Found a broken altar of Ashenzari.
    52 | D        | Became a worshipper of Cheibriados the Contemplative
    69 | D        | Reached * piety under Cheibriados
    70 | D        | Reached skill level 1 in Armour
    90 | D        | Reached ** piety under Cheibriados
   390 | D        | Noticed an iguana
   390 | D        | Noticed a scorpion
   399 | D        | Killed a scorpion
   400 | D        | Reached XP level 2. HP: 20/20 MP: 2/4
   400 | D        | Reached XP level 3. HP: 24/24 MP: 2/5
   400 | D        | Reached XP level 4. HP: 29/29 MP: 2/6
   407 | D        | Reached *** piety under Cheibriados
   620 | D        | Noticed a scorpion
   626 | D        | Killed a scorpion
   627 | D        | Reached XP level 5. HP: 16/34 MP: 7/7
   827 | D        | Reached skill level 5 in Fighting
   827 | D        | Reached skill level 5 in Maces & Flails
   919 | D        | Reached **** piety under Cheibriados
   925 | D        | Noticed a floating eye
   925 | D        | Noticed a wolf
   925 | D        | Noticed a centaur
   926 | D        | Killed a floating eye
   926 | D        | Killed a wolf
   926 | D        | Reached ***** piety under Cheibriados
   926 | D        | Killed a centaur
   927 | D        | Reached skill level 5 in Throwing
   927 | D        | Reached skill level 5 in Dodging
   927 | D        | Reached skill level 5 in Invocations
   927 | D        | Reached XP level 6. HP: 42/42 MP: 3/10
  1191 | D        | Reached XP level 7. HP: 43/47 MP: 11/11
  1409 | D        | Reached ****** piety under Cheibriados
  1411 | D        | Noticed a lindwurm
  1411 | D        | Noticed a manticore
  1418 | D        | Killed a lindwurm
  1419 | D        | Reached XP level 8. HP: 35/54 MP: 1/13
  1426 | D        | Killed a manticore
  1735 | D        | Noticed an orange demon
  1740 | D        | Killed an orange demon
  1741 | D        | Reached XP level 9. HP: 53/60 MP: 9/15
  1782 | D        | Noticed a deep troll
  1782 | D        | Noticed a lindwurm
  1791 | D        | Killed a deep troll
  1791 | D        | Killed a lindwurm
  1792 | D        | Reached skill level 10 in Fighting
  2002 | D        | Noticed a spriggan druid
  2004 | D        | Noticed a six-headed hydra
  2005 | D        | Reached skill level 10 in Armour
  2005 | D        | Reached skill level 10 in Invocations
  2005 | D        | Reached XP level 10. HP: 68/68 MP: 11/17
  2005 | D        | Killed a spriggan druid
  2006 | D        | Reached skill level 10 in Maces & Flails
  2009 | D        | Killed a six-headed hydra
  2286 | D        | Noticed a boulder beetle
  2290 | D        | Killed a boulder beetle
  2291 | D        | Reached skill level 10 in Throwing
  2486 | D        | Noticed a smoke demon
  2489 | D        | Killed a smoke demon
  2490 | D        | Reached XP level 11. HP: 76/76 MP: 8/19
  2678 | D        | Noticed a flayed ghost
  2678 | D        | Noticed a seven-headed hydra
  2683 | D        | Killed a flayed ghost
  2684 | D        | Reached skill level 10 in Dodging
  2685 | D        | Killed a seven-headed hydra
  2685 | D        | HP: 1/76 [something (25)]
  2692 | D        | Killed a lorocyproca
  2715 | D        | Noticed Sonja
  2716 | D        | Noticed a wizard
  2716 | D        | Killed Sonja
  2719 | D        | Killed a wizard
  3367 | D        | Noticed a lindwurm
  3375 | D        | Killed a lindwurm
  3378 | D        | Noticed a two-headed ogre
  3384 | D        | Killed a two-headed ogre
  3385 | D        | Reached XP level 12. HP: 60/84 MP: 20/22
  3738 | D        | Noticed a nagaraja
  3746 | D        | Killed a nagaraja
  3810 | D        | Noticed a death knight
  3810 | D        | Noticed a sun demon
  3813 | D        | Noticed an orc warlord
  3814 | D        | Noticed an orc warlord
  3815 | D        | Killed a sun demon
  3829 | D        | Killed a death knight
  3832 | D        | Killed an orc warlord
  3833 | D        | Killed an orc warlord
  3834 | D        | Reached skill level 15 in Fighting
  3908 | D        | Reached skill level 15 in Invocations
  3921 | D        | Reached skill level 15 in Armour
  3921 | D        | Reached XP level 13. HP: 76/92 MP: 24/24
  4385 | D        | Noticed a frost giant
  4394 | D        | Killed a frost giant
  4810 | D        | Found the +4 skin of Zhor {*Englaciate rC+++ SInv}
  4826 | D        | Noticed a yaktaur captain
  4827 | D        | Noticed a deep elf sorcerer
  4831 | D        | Killed a deep elf sorcerer
  4831 | D        | Killed a yaktaur captain
  4837 | D        | Reached skill level 15 in Maces & Flails
  5261 | D        | Noticed a fire giant
  5261 | D        | Noticed a dire elephant
  5261 | D        | Noticed a great orb of eyes
  5263 | D        | Reached skill level 1 in Shields
  5265 | D        | Killed a great orb of eyes
  5267 | D        | Killed a fire giant
  5272 | D        | Killed a dire elephant
  5276 | D        | Got the +10 whip "Vohamyc" {flame, +Blink rF- Str+3}
  5740 | D        | Noticed a deep elf blademaster
  5762 | D        | Noticed an angel
  5771 | D        | Killed a deep elf blademaster
  5772 | D        | Noticed a merfolk javelineer
  5790 | D        | Killed an angel
  5790 | D        | Noticed a fire dragon
  5791 | D        | Noticed a great orb of eyes
  5792 | D        | Killed a merfolk javelineer
  5793 | D        | Reached skill level 5 in Shields
  5793 | D        | Gained mutation: Your large and strong wings let you fly.
                  | [Gargoyle growth]
  5793 | D        | Reached XP level 14. HP: 47/100 MP: 5/26
  5793 | D        | Noticed Eustachio
  5799 | D        | Killed Eustachio
  5817 | D        | Identified the amulet "Fivig" {rElec Regen+}
  5836 | D        | Noticed Urug
  5841 | D        | Killed Urug
  6350 | D        | Noticed a yellow draconian annihilator
  6361 | D        | Noticed a purple draconian shifter
  6364 | D        | Killed a yellow draconian annihilator
  6365 | D        | Reached skill level 15 in Throwing
  6391 | D        | Killed a purple draconian shifter
  6405 | D        | Noticed a nagaraja
  6406 | D        | Noticed a purple draconian shifter
  6406 | D        | Noticed a lich
  6406 | D        | Noticed a red draconian scorcher
  6410 | D        | Blown up by a lich

Illustrated notes

Levels and vault maps discovered:
D:        pitsprint [storerooms_1, entrance_room_1, metal_vault_2, armoury_1,
          mini_pit_1, grid_room_1, main_hall_1, silver_pit, the_coven_1,
          the_vestibule_1, steel_vault_4, golden_pit, hallway_of_sentries,
          crystal_vault_4, iron_vault_4, final_vault]

Skill      XL: |  1  2  3  4  5  6  7  8  9 10 11 12 13 14 |
---------------+-------------------------------------------+-----
Throwing       | 3 5 7 9 10 11 13 14 15 | 15.1
Armour         | 3 4 6 7 8 10 11 13 15 16 17 | 17.3
Fighting       | 4 6 8 9 10 11 13 15 16 17 | 17.4
Maces & Flails | 4 6 7 8 9 11 12 14 15 16 | 16.3
Dodging        | 3 4 5 6 7 8 9 11 12 13 14 | 14.0
Invocations    | 2 3 5 6 7 8 10 11 13 15 16 17 | 17.3
Shields        | 5 7 |  7.1

Action                   |  1- 3 |  4- 6 |  7- 9 | 10-12 | 13-15 || total
-------------------------+-------+-------+-------+-------+-------++-------
Melee: Mace              |    24 |    17 |       |       |       ||    41
       Flail             |     2 |    12 |     9 |       |       ||    23
       Punch             |       |     1 |       |       |       ||     1
       Dire flail        |       |       |     8 |   105 |    48 ||   161
       Demon whip        |       |       |       |       |   158 ||   158
Throw: Stone             |       |     6 |     3 |     1 |       ||    10
       Javelin           |       |       |     1 |     1 |     1 ||     3
       Throwing net      |       |       |     1 |       |       ||     1
Invok: Slouch            |       |     1 |     7 |    24 |    19 ||    51
  Use: Potion            |     2 |     2 |     4 |     8 |     2 ||    18
       Scroll            |       |       |       |     1 |       ||     1
 Stab: Invisible         |       |     1 |       |       |       ||     1
Armor: Leather armour    |    15 |     6 |       |       |       ||    21
       Plate armour      |       |    12 |     7 |       |       ||    19
       Chain mail        |       |       |    14 |    46 |    18 ||    78
       Gold dragon scale |       |       |       |       |    45 ||    45
Dodge: Dodged            |    23 |    25 |    27 |   119 |   113 ||   307
